 Dungeon Crawl Stone Soup version 0.21-a0-221-gfe971b9 (webtiles) character file.

637 Moloch the Cleaver (level 7, -14/61 HPs)
             Began as a Hill Orc Fighter on Aug 25, 2017.
             Demolished by Prince Ribbit (17 damage)
             ... on level 5 of the Dungeon.
             The game lasted 00:06:49 (4974 turns).

Moloch the Cleaver (Hill Orc Fighter)               Turns: 4974, Time: 00:06:49

Health: -14/61     AC:  6    Str: 19    XL:     7   Next: 50%
Magic:  7/7        EV:  7    Int:  8    God:
Gold:   242        SH:  9    Dex: 12    Spells: 6/6 levels left

rFire    + . .     SeeInvis .   t - -3 blowgun (curse)
rCold    . . .     Gourm    .   c - +0 shield
rNeg     . . .     Faith    .   b - +0 scale mail
rPois    +         Spirit   .   (no helmet)
rElec    .         Reflect  .   (no cloak)
rCorr    .         Harm     .   (no gloves)
MR       .....                  (no boots)
Stlth    ..........             (no amulet)
HPRegen  0.20/turn              u - ring of protection from fire
MPRegen  0.10/turn              B - ring of poison resistance

@: no status effects
A: no striking features
a: no special abilities


You were on level 5 of the Dungeon.
You were not hungry.

You visited 1 branch of the dungeon, and saw 5 of its levels.

You collected 242 gold pieces.

Inventory:

Hand Weapons
 a - a +0 war axe
 t - a cursed -3 blowgun (weapon)
 y - a +0 flail
Missiles
 F - 46 poisoned needles (quivered)
Armour
 b - a +0 scale mail (worn)
 c - a +0 shield (worn)
Jewellery
 u - a ring of protection from fire (left hand)
 x - a +4 ring of strength
 z - an uncursed ring of see invisible
 B - a ring of poison resistance (right hand)
Wands
 p - a wand of acid (7/15)
Scrolls
 e - 2 scrolls of enchant armour {unknown}
 i - 3 scrolls of magic mapping {unknown}
 k - a scroll of random uselessness {unknown}
 l - 4 scrolls of identify {unknown}
 n - a scroll of fog {unknown}
 o - 2 scrolls of remove curse {unknown}
 v - a scroll of blinking {unknown}
 A - 2 scrolls of recharging {unknown}
 D - a scroll of immolation {unknown}
Potions
 d - 2 potions of might
 g - 2 potions of curing {unknown}
 h - a potion of degeneration {unknown}
 j - a potion of invisibility {unknown}
 m - a potion of brilliance {unknown}
 r - 2 potions of magic {unknown}
 w - 2 potions of lignification {unknown}
 C - a potion of berserk rage {unknown}
 G - a potion of resistance {unknown}
 H - a potion of cancellation {unknown}
Comestibles
 f - 5 bread rations
 q - a fruit
 s - a meat ration
 E - 6 chunks of flesh


   Skills:
 + Level 5.3 Fighting
 + Level 9.7 Axes
 - Level 3.2 Armour
 - Level 3.2 Shields


You had 6 spell levels left.
You didn't know any spells.

Dungeon Overview and Level Annotations

Branches:
Dungeon (5/15)
 Temple: D:4-7

Altars:
Cheibriados
Nemelex Xobeh
Uskayaw
Yredelemnul

Annotations:
D:5 Prince Ribbit


Message History

Firing (i - inventory):
F - 48 poisoned needles (quivered)
Press: ? - help, Shift-Dir - straight line, f/p - Prince Ribbit
Aim: Prince Ribbit You shoot a poisoned needle.
The poisoned needle barely misses Prince Ribbit.
Prince Ribbit hits you!
Firing (i - inventory):
F - 47 poisoned needles (quivered)
Press: ? - help, Shift-Dir - straight line, f/p - Prince Ribbit
Aim: Prince Ribbit You shoot a poisoned needle.
The poisoned needle closely misses Prince Ribbit.
Prince Ribbit hits you! x2
* * * LOW HITPOINT WARNING * * *
Prince Ribbit hits you!
* * * LOW HITPOINT WARNING * * *
Prince Ribbit blinks!
Prince Ribbit blinks!
You see here a poisoned needle.
Prince Ribbit hits you!
You die...

#..#########..##...
#.................#
#.......###..##...
#.......§....#...#
#.....##
#.......####...#..
#...... ##.......#
##..#### #.....#
##.....§((###..## #
#.>...#
#..##..F......%....# #
#.....
#......@(.....###..###
#.... #.............#
#....## ###..##
#.....(####.#####.##..##
....<.# #######
#............l ......#
###....#...... ....!.# #
######....#......
....F.#
..............#####
......!. ......###...###
# ......### ..... #...#
##


You could see Prince Ribbit.

Vanquished Creatures
  An ogre (D:5)
  A scorpion (D:4)
  A crimson imp (D:5)
  A gnoll shaman (D:3)
  A hound (D:4)
  Natasha (twice) (D:2)
  An orc wizard (D:4)
  2 iguanas (D:4)
  4 worker ants
  10 adders
  A shadow imp (D:4)
  4 worms
  2 dart slugs (D:1)
  A leopard gecko (D:2)
  3 orcs
  7 bats
  A giant cockroach (D:1)
  4 goblins
  7 hobgoblins
  13 jackals
  2 quokkas
  3 ball pythons
  2 frilled lizards (D:2)
  6 kobolds
  A leopard gecko skeleton (D:4)
  9 rats
90 creatures vanquished.

Notes
Turn   | Place    | Note
-------+----------+-------------------------------------------
     0 | D:1      | Moloch the Hill Orc Fighter began the quest for the Orb.
     0 | D:1      | Reached XP level 1. HP: 19/19 MP: 1/1
     7 | D:1      | Noticed a rime drake
     7 | D:1      | Noticed a salamander
     7 | D:1      | Noticed a worker ant
     7 | D:1      | Noticed a black bear
    16 | D:1      | Reached skill level 3 in Axes
    50 | D:1      | Reached XP level 2. HP: 18/26 MP: 2/2
   180 | D:1      | Reached skill level 4 in Axes
   396 | D:1      | Reached XP level 3. HP: 31/31 MP: 3/3
   636 | D:2      | Reached skill level 5 in Axes
   665 | D:2      | Found a sparkling altar of Nemelex Xobeh.
  1320 | D:2      | Reached XP level 4. HP: 39/39 MP: 4/4
  1363 | D:2      | Noticed Natasha
  1374 | D:2      | Killed Natasha
  1374 | D:2      | Reached skill level 6 in Axes
  2295 | D:3      | Reached XP level 5. HP: 41/46 MP: 5/5
  2711 | D:4      | HP: 1/46 [scorpion (3)]
  3034 | D:4      | Reached skill level 7 in Axes
  3148 | D:4      | Found a snail-covered altar of Cheibriados.
  3148 | D:4      | Found a basalt altar of Yredelemnul.
  3214 | D:4      | Found a hide-covered altar of Uskayaw.
  3511 | D:4      | Reached XP level 6. HP: 35/52 MP: 6/6
  3735 | D:5      | Entered Level 5 of the Dungeon
  3736 | D:5      | Noticed Prince Ribbit
  3780 | D:3      | Reached skill level 8 in Axes
  4015 | D:2      | Noticed Natasha
  4023 | D:2      | Killed Natasha
  4412 | D:5      | Reached XP level 7. HP: 60/60 MP: 7/7
  4474 | D:5      | Reached skill level 9 in Axes
  4494 | D:5      | Reached skill level 5 in Fighting
  4971 | D:5      | HP: 2/61 [Prince Ribbit (8)]
  4974 | D:5      | Demolished by Prince Ribbit

Vault maps used:
D:1:      onia_arrival_zoo_common, minmay_pentomino_s4
D:2:      nemelex_xobeh_ov_fountains_minmay, uniq_natasha
D:4:      overflow_temple_1_default, grunt_temple_overflow_open
D:5:      serial_shops, shop, first_bread, kennysheep_cross_bottleneck,
          mrwooster_statue_mirror, uniq_prince_ribbit1

Skill      XL: |  1  2  3  4  5  6  7 |
---------------+----------------------+-----
Axes           | 3 4 5 6 7 8 9 |  9.7
Fighting       | 4 5 |  5.3
Armour         | |  3.2
Shields        | |  3.2

Action                   |  1- 3 |  4- 6 |  7- 9 || total
-------------------------+-------+-------+-------++-------
Melee: War axe           |    98 |   205 |    24 ||   327
 Fire: Blowgun           |       |       |     7 ||     7
  Eat: Chunk             |     1 |     8 |     2 ||    11
       Royal jelly       |       |     1 |       ||     1
Armor: Scale mail        |    44 |    68 |     5 ||   117
Dodge: Dodged            |    30 |    56 |     6 ||    92
Block: Shield            |    74 |   102 |    13 ||   189

Table legend:
 A = Spawn XP
 B = Non-spawn XP
 C = Spawn XP percentage of total XP
 D = Spawn monster count
 E = Non-spawn monster count
 F = Spawn count percentage of total count
 G = Total turns spent on level
                    A         B        C        D         E        F      G
               +---------+---------+-------+---------+---------+-------+---------
         Total |     146 |     764 |  16.0 |      15 |      75 |  16.7 |  4974
               +---------+---------+-------+---------+---------+-------+---------
           D:1 |       2 |      33 |   5.7 |       1 |      18 |   5.3 |   485
           D:2 |      32 |     115 |  21.8 |       5 |      18 |  21.7 |  1947
           D:3 |      67 |      53 |  55.8 |       7 |      16 |  30.4 |   884
           D:4 |      32 |     293 |   9.8 |       1 |      18 |   5.3 |  1278
           D:5 |      13 |     270 |   4.6 |       1 |       5 |  16.7 |   380
               +---------+---------+-------+---------+---------+-------+---------
